 Dungeon Crawl Stone Soup version 0.23.2-1-ga50397a6bc (webtiles) character file.

Game seed: 2413757601341591960

76 Mrkan the Skirmisher (level 4, 0/37 HPs)
             Began as a Formicid Abyssal Knight on May 27, 2019.
             Was a Believer of Lugonu.
             Slain by an adder (4 damage)
             ... on level 3 of the Dungeon.
             The game lasted 00:04:02 (2002 turns).

Mrkan the Skirmisher (Formicid Abyssal Knight)      Turns: 2002, Time: 00:04:02

Health: 0/37       AC:  3    Str: 18    XL:     4   Next: 57%
Magic:  6/6        EV: 16    Int: 11    God:    Lugonu [**....]
Gold:   100        SH:  0    Dex: 15    Spells: 3/3 levels left

rFire    . . .     SeeInvis +   a - +1 mace
rCold    . . .     Gourm    .   (no shield)
rNeg     . . .     Faith    .   b - +0 leather armour
rPois    .         Spirit   .   (helmet unavailable)
rElec    .         Reflect  .   (no cloak)
rCorr    .         Harm     .   (no gloves)
MR       .....                  (no boots)
Stlth    ++........             (no amulet)
HPRegen  0.12/turn              (no ring)
MPRegen  0.10/turn              (no ring)

@: agile, lethally poisoned (0 -> -1)
A: permanent stasis, dig shafts and tunnels, four strong arms, antennae 3
a: Dig, Shaft Self, Depart the Abyss, Bend Space, Renounce Religion


You were on level 3 of the Dungeon.
You worshipped Lugonu.
Lugonu was pleased with you.
You were not hungry.

You visited 1 branch of the dungeon, and saw 3 of its levels.
You visited the Abyss 1 time.

You collected 100 gold pieces.

Inventory:

Hand Weapons
 a - a +1 mace (weapon)
Armour
 b - a +0 leather armour (worn)
Jewellery
 e - an uncursed ring of fire {unknown}
Scrolls
 i - 4 scrolls of identify {unknown}
 m - a scroll of remove curse {unknown}
Potions
 d - a potion of resistance {unknown}
 g - a potion of haste {unknown}
 h - a potion of agility
 j - a potion of mutation {unknown}
 k - a potion of degeneration {unknown}
 l - a potion of cancellation {unknown}
Comestibles
 c - 4 rations
 f - 3 chunks of flesh


   Skills:
 + Level 3.9 Fighting
 * Level 3.4 Maces & Flails
 - Level 2.1 Armour
 - Level 0.8 Dodging
 + Level 3.1 Invocations


You had 3 spell levels left.
You didn't know any spells.
Your spell library was empty.

Dungeon Overview and Level Annotations

Branches:
Dungeon (3/15)

Altars:


Innate Abilities, Weirdness & Mutations

You cannot be hasted, slowed, berserked, paralysed or teleported.
You can dig through walls and to a lower floor.
Your four strong arms can wield two-handed weapons with a shield.
You have a pair of large antennae on your head. (SInv)


Message History

You are poisoned.
The adder poisons you! The adder closely misses you.
You feel sick. The adder misses you. The adder bites you.
* * * LOW HITPOINT WARNING * * *
The adder bites you.
* * * LOW HITPOINT WARNING * * *
The adder misses you.
You feel sick. The adder barely misses you.
The adder bites you but does no damage. The adder bites you but does no damage.
The adder closely misses you. The adder barely misses you.
You feel sick. The adder bites you but does no damage.
The adder closely misses you. The adder completely misses you.
The adder closely misses you.
You feel sick.
It was a potion of agility.
You feel agile all of a sudden. The adder barely misses you.
The adder bites you.
You die...

#....# #....#
#....# ###.#.## #
##...#.# ###.###
##..##.<# .......
###..##..##
.......###...###.##
#...S@#####.#
#.######w†..# { #..
##...####
....####..###
...?#!...##
#.##....†..# ...
#..$......... #.
#............
.............w..


You could see an adder.

Vanquished Creatures
  An adder (D:2)
  4 worms
  3 dart slugs (D:1)
  A leopard gecko (D:1)
  An orc (D:2)
  A giant cockroach (D:3)
  5 goblins
  3 hobgoblins
  9 jackals
  3 kobolds
  A quokka (D:2)
  2 ball pythons (D:1)
  4 bats
  A frilled lizard (D:2)
  A jackal skeleton (D:2)
  7 rats (D:1)
47 creatures vanquished.

Notes
Turn   | Place    | Note
-------+----------+-------------------------------------------
     0 | Abyss:1  | Mrkan the Formicid Abyssal Knight began the quest for the
                  | Orb.
     0 | Abyss:1  | Reached XP level 1. HP: 18/18 MP: 2/2
    23 | Abyss:1  | Found a corrupted altar of Lugonu.
    24 | Abyss:1  | Found a corrupted altar of Lugonu.
    77 | D:1      | Escaped the Abyss
   223 | D:1      | Reached XP level 2. HP: 24/24 MP: 3/3
   505 | D:1      | Reached XP level 3. HP: 29/29 MP: 4/4
   874 | D:2      | Reached ** piety under Lugonu
   907 | D:2      | Reached XP level 4. HP: 30/37 MP: 6/6
  2002 | D:3      | Slain by an adder

Skill      XL: |  1  2  3  4 |
---------------+-------------+-----
Maces & Flails | 3 |  3.4
Invocations    | 3 |  3.1
Fighting       | |  3.9
Armour         | |  2.1
Dodging        | |  0.8

Action                   |  1- 3 |  4- 6 || total
-------------------------+-------+-------++-------
Melee: Mace              |    83 |    48 ||   131
  Use: Potion            |       |     1 ||     1
  Eat: Ration            |       |     1 ||     1
Armor: Leather armour    |    30 |     8 ||    38
Dodge: Dodged            |    76 |    33 ||   109
